 Dungeon Crawl Stone Soup version 0.17-a0-1621-gfc7a675 (webtiles) character file.

88 Sapz the Covert (level 4, -10/39 HPs)
             Began as a Naga Assassin on Aug 2, 2015.
             Mangled by a gnoll
             ... wielding a +0 halberd
              (17 damage)
             ... on level 3 of the Dungeon.
             The game lasted 00:06:51 (2181 turns).

Sapz the Covert (Naga Assassin)                     Turns: 2181, Time: 00:06:51

Health: -10/39     AC:  3    Str: 14    XL:     4   Next: 54%
Magic:  4/4        EV:  5    Int: 11    God:
Gold:   95         SH:  0    Dex: 13    Spells: 0 memorised, 3 levels left

rFire  . . .     SeeInvis +     r - +3 short sword (holy)
rCold  . . .     Clarity  .     c - +0 robe
rNeg   . . .     SustAt   .     (no shield)
rPois  +         Gourm    .     (no helmet)
rElec  .         Spirit   .     i - +0 cloak (curse)
rCorr  .         Warding  .     (no gloves)
rMut   .         Stasis   .     (no barding)
MR     .....                    (no amulet)
Stlth  ++++......               (no ring)
                                (no ring)

@: held, very slow, not resistant to hostile enchantments, stealthy
A: see invisible, deformed body, poison resistance, slowness 2, slow metabolism
1, spit poison 2, AC +1
a: Spit Poison


You were on level 3 of the Dungeon.
You were very hungry.

You visited 1 branch of the dungeon, and saw 3 of its levels.

You collected 95 gold pieces.

Inventory:

Hand weapons
 a - a +2 dagger
 b - a +0 blowgun
 k - a +0 short sword
 r - a +3 short sword of holy wrath (weapon)
Missiles
 e - 14 poisoned needles
 f - 2 curare-tipped needles
Armour
 c - a +0 robe (worn)
 d - a +1 cloak
 i - a cursed +0 cloak (worn)
Jewellery
 t - an uncursed amulet of stasis
Scrolls
 p - a scroll of fog
Potions
 l - a potion of curing {unknown}
 m - a potion of cure mutation {unknown}
 n - a potion of haste {unknown}
 w - a potion of ambrosia {unknown}
Comestibles
 g - 3 bread rations
 h - a royal jelly
 j - 2 meat rations
 u - 3 fruits


   Skills:
 - Level 2.0 Fighting
 - Level 2.0 Short Blades
 - Level 1.7 Throwing
 - Level 0.7 Dodging
 * Level 8.8 Stealth


You had 3 spell levels left.
You didn't know any spells.

Dungeon Overview and Level Annotations

Branches:
Dungeon (3/15)

Altars:

Annotations:
D:2 Robin


Innate Abilities, Weirdness & Mutations

You cannot wear boots.
Your serpentine skin is tough (AC +1).
You have supernaturally acute eyesight.
Armour fits poorly on your strangely shaped body.
Your system is resistant to poisons.
You cover ground very slowly.
You have a slow metabolism.
You can spit poison.


Message History

The gnoll is moderately wounded.
The gnoll shouts!
You feel slightly more hungry. The gnoll closely misses you.
The gnoll hits you with a halberd!
The gnoll shouts!
Things that are here:
a spear; a gnoll corpse You hit the gnoll.
The gnoll is heavily wounded.
The gnoll throws a throwing net.
The throwing net hits you.
You become entangled in the net!
The gnoll hits you with a halberd!
* * * LOW HITPOINT WARNING * * *
You struggle against the net.
The gnoll barely misses you.
You struggle against the net.
You have got your breath back.
The gnoll hits you from afar with a spear.
* * * LOW HITPOINT WARNING * * *
The gnoll hits you with a halberd!
You die...

,,* #....#########.######+## ,,*
#....#.................### ,,*
*##....#.#######............ ,,*
#,.....#.# #............ ,,*
*#.##.....#######...#........
***
*...................#........
**,#..?...g.........#........
****#'##.....[.........#........
*,,,(.........g@.......#........
*,,,.g.................#......##
*,,,........########...########
*,,,...w.#### ##### **,,,.....*
*****####** ,,,,,,,,,*
********,* ******* ,,*** *,*
*,,,,,*


You could see 2 gnolls.

Vanquished Creatures
  A gnoll (D:3)
  An adder (D:2)
  2 oozes (D:2)
  A worm (D:2)
  A giant gecko (D:2)
  2 ball pythons (D:2)
  10 bats
  A giant cockroach (D:1)
  8 goblins
  9 hobgoblins
  4 jackals (D:2)
  11 kobolds
  A quokka (D:2)
  A giant newt (D:2)
  A rat (D:1)
54 creatures vanquished.

Notes
Turn   | Place    | Note
--------------------------------------------------------------
     0 | D:1      | Sapz the Naga Assassin began the quest for the Orb.
     0 | D:1      | Reached XP level 1. HP: 19/19 MP: 1/1
    61 | D:1      | Reached skill level 6 in Stealth
   128 | D:1      | Reached XP level 2. HP: 24/26 MP: 2/2
   459 | D:1      | Reached skill level 7 in Stealth
   733 | D:2      | Reached XP level 3. HP: 27/32 MP: 3/3
  1034 | D:2      | Reached skill level 8 in Stealth
  1247 | D:2      | Noticed Robin
  1273 | D:2      | Reached XP level 4. HP: 19/39 MP: 4/4
  2181 | D:3      | Mangled by a gnoll

Vault maps used:
D:1:      zaba_arrival_water, serial_bayou_pond_e
D:2:      first_bread, uniq_robin

Action                   |  1- 3 |  4- 6 || total
-------------------------+-------+-------++-------
Melee: Dagger            |    81 |       ||    81
       Short sword       |    40 |    37 ||    77
 Abil: Spit Poison       |     1 |     3 ||     4
  Use: Scroll            |     1 |     5 ||     6
 Stab: Sleeping          |    13 |     3 ||    16
  Eat: Chunk             |       |     2 ||     2
